 Dungeon Crawl Stone Soup version 0.31-a0-819-gf6de2f5ab6 (webtiles) character file.

Game seed: 6851489261647983036

358 qw the Shooter (level 6, 0/38 HPs)
             Began as a Gargoyle Hunter on Sept 23, 2023.
             Slain by a black bear (1 damage)
             ... on level 4 of the Dungeon.
             The game lasted 00:01:05 (3140 turns).

qw the Shooter (Gargoyle Hunter)                    Turns: 3140, Time: 00:01:06

Health: 0/38       AC:  9    Str: 15    XL:     6   Next: 64%
Magic:  6/6        EV: 11    Int:  9    God:
Gold:   140        SH:  0    Dex: 15    Spells: 5/5 levels left

rFire   . . .        Y - +0 shortbow
rCold   . . .        (shield currently unavailable)
rNeg    + . .        c - +0 leather armour
rPois   inf          h - +0 helmet
rElec   +            (no cloak)
rCorr   .            b - +0 pair of gloves
SInv    .            (no boots)
Will    .....        f - amulet of the acrobat
Stlth   ++           (no ring)
HPRegen 0.26/turn    (no ring)
MPRegen 0.10/turn

%: acrobat
@: no status effects
A: sickness immunity, AC +4, negative energy resistance 1, electricity
resistance, torment resistance 1, petrification resistance
a: no special abilities


You were on level 4 of the Dungeon.
You visited 1 branch of the dungeon, and saw 4 of its levels.

You collected 140 gold pieces.


Innate Abilities, Weirdness & Mutations

You are immune to sickness and miasma.
Your stone body is resilient. (AC +4)
You are immune to poison.
You resist negative energy. (rN+)
You are resistant to electric shocks. (rElec)
You are resistant to unholy torment.
You are immune to petrification.


   Skills:
 + Level 3.7 Fighting
 - Level 7.1 Ranged Weapons
 - Level 1.0 Armour
 - Level 1.5 Dodging
 - Level 1.1 Stealth


You had 5 spell levels left.
You didn't know any spells.
Your spell library was empty.

Inventory:

Hand Weapons
 Y - a +0 shortbow (weapon)
Armour
 b - a +0 pair of gloves (worn)
 c - a +0 leather armour (worn)
 h - a +0 helmet (worn)
Jewellery
 e - a ring of fire
 f - an amulet of the acrobat (around neck)
Scrolls
 a - a scroll of identify
Potions
 d - a potion of enlightenment
 g - a potion of curing
 j - a potion of resistance

Dungeon Overview and Level Annotations

Branches:
Dungeon (4/15)
 Temple: D:4-7

Altars:


Message History

You shoot an arrow. The arrow hits the black bear.
The black bear is heavily wounded.
The black bear completely misses you.
The black bear claws you but does no damage.
The black bear closely misses you.
You shoot an arrow. The arrow hits the black bear.
The black bear is heavily wounded.
The black bear closely misses you.
The black bear claws you but does no damage.
The black bear barely misses you.
You shoot an arrow. The arrow hits the black bear!
The black bear is severely wounded.
The black bear goes berserk!
A gnoll comes into view. It is wielding a +0 whip.
You shoot an arrow. The arrow barely misses the black bear.
The gnoll shouts!
The arrow hits the gnoll!
The gnoll is heavily wounded.
The black bear bites you.
The black bear claws you but does no damage.
The black bear closely misses you. The black bear bites you!
The black bear claws you but does no damage.
The black bear closely misses you.
You shoot an arrow. The arrow hits the black bear.
The black bear is severely wounded.
The black bear bites you but does no damage.
The black bear claws you but does no damage.
The black bear barely misses you. The black bear bites you!
The black bear claws you but does no damage. x2
You shoot an arrow. The arrow hits the black bear.
The black bear is almost dead.
The black bear barely misses you.
The black bear claws you but does no damage. x2
You shoot an arrow. The arrow barely misses the black bear.
The arrow hits the gnoll.
The gnoll is almost dead.
The black bear bites you.
The black bear claws you but does no damage.
The black bear claws you.
You die...

#.. #.###.#.# ....
#.....#.#
#...########.#####.#
#...............)...
##.....#.####.#######
......(.# #.#
#.####..## #.#
######.#####..###.#
.$)..g.h@.......#.##
.#####)#####...>...#
#. #.####### #. #.#
#. #.# #. #.# #$ #.#
.. #.# #####.#


You could see a black bear (berserk) and a gnoll.

Vanquished Creatures
  Sigmund (D:4)
  An orc priest (D:4)
  A gnoll (D:4)
  7 adders
  3 worms
  3 dart slugs
  4 orcs
  6 ball pythons
  4 bats
  3 endoplasms
  A giant cockroach (D:2)
  14 goblins
  6 hobgoblins
  7 kobolds
  4 frilled lizards
  8 rats
73 creatures vanquished.

Vanquished Creatures (others)
  An orc wizard (D:4)
1 creature vanquished.

Grand Total: 74 creatures vanquished

Notes
Turn   | Place    | Note
-------+----------+-------------------------------------------
     0 | D:1      | qw the Gargoyle Hunter began the quest for the Orb.
     0 | D:1      | Reached XP level 1. HP: 12/12 MP: 1/1
     0 | D:1      | 0 ||| qw: Version: 0.3-a-83-gcd0e7d8
     0 | D:1      | 0 ||| qw: Game counter: 1368
     0 | D:1      | 0 ||| qw: Melee chars always use a shield: true
     0 | D:1      | 0 ||| qw: God list: Okawaru
     0 | D:1      | 0 ||| qw: Allow faded altars: false
     0 | D:1      | 0 ||| qw: Do Orc after clearing Dungeon:15 true
     0 | D:1      | 0 ||| qw: Do second Lair branch before Depths: true
     0 | D:1      | 0 ||| qw: Lair rune preference: random
     0 | D:1      | 0 ||| qw: Goals: Normal
     0 | D:1      | 0 ||| PLANNING D:1-11
   253 | D:1      | Reached XP level 2. HP: 17/17 MP: 2/2
   917 | D:1      | 917 ||| READING 2 scrolls labelled BAHOLO GYQOUB.
   918 | D:1      | 918 ||| READING scroll labelled KALYPOMEHU.
   919 | D:1      | 919 ||| DROPPING scroll of butterflies.
   932 | D:2      | Reached skill level 5 in Ranged Weapons
   932 | D:2      | Reached XP level 3. HP: 13/21 MP: 3/3
   932 | D:2      | 932 ||| STAIRDANCE
   996 | D:2      | HP: 5/21 [worm (9)]
   998 | D:2      | 998 ||| FLEEEEING.
  1000 | D:2      | 1000 ||| FLEEEEING.
  1001 | D:2      | 1001 ||| FLEEEEING.
  1002 | D:2      | 1002 ||| FLEEEEING.
  1003 | D:2      | 1003 ||| FLEEEEING.
  1004 | D:2      | 1004 ||| FLEEEEING.
  1005 | D:2      | 1005 ||| STAIRDANCE
  1249 | D:2      | Reached skill level 3 in Fighting
  1289 | D:2      | 1289 ||| FLEEEEING.
  1290 | D:2      | 1290 ||| FLEEEEING.
  1297 | D:2      | Reached XP level 4. HP: 27/28 MP: 4/4
  2011 | D:2      | 2011 ||| UPGRADING to +0 pair of gloves.
  2016 | D:2      | 2016 ||| UPGRADING to +0 helmet.
  2021 | D:2      | 2021 ||| READING scroll labelled RUGUNW ROANYNU.
  2042 | D:2      | 2042 ||| READING scroll labelled HAKIDE FEBEIDD.
  2043 | D:2      | 2043 ||| READING scroll labelled ZOSOIMIWAA.
  2044 | D:2      | 2044 ||| READING 3 scrolls of identify.
  2044 | D:2      | 2044 ||| IDENTIFYING ruby potion
  2045 | D:2      | 2045 ||| DROPPING potion of lignification.
  2145 | D:3      | Reached skill level 1 in Armour
  2251 | D:3      | Found a faded altar of an unknown god.
  2365 | D:3      | Reached XP level 5. HP: 32/32 MP: 5/5
  2860 | D:3      | 2860 ||| UPGRADING to amulet of the acrobat.
  2865 | D:3      | 2865 ||| READING scroll labelled VYSIMA DOLI.
  2866 | D:3      | 2866 ||| DRINKING 2 coppery potions.
  2867 | D:3      | 2867 ||| READING 3 scrolls of identify.
  2867 | D:3      | 2867 ||| IDENTIFYING fizzy orange potion
  2868 | D:3      | 2868 ||| READING 2 scrolls of identify.
  2868 | D:3      | 2868 ||| IDENTIFYING sapphire potion
  2892 | D:4      | 2892 ||| STAIRDANCE
  2906 | D:4      | 2906 ||| STAIRDANCE
  2948 | D:4      | Noticed Sigmund
  2958 | D:4      | HP: 7/32 [Sigmund/+0 scythe (4)]
  2959 | D:4      | Killed Sigmund
  2960 | D:4      | Reached skill level 7 in Ranged Weapons
  2960 | D:4      | Reached XP level 6. HP: 9/37 MP: 6/6
  3116 | D:4      | 3116 ||| RETREEAATING.
  3125 | D:4      | Noticed a black bear
  3138 | D:4      | HP: 4/38 [black bear (8)]
  3140 | D:4      | HP: 1/38 [black bear (3)]
  3140 | D:4      | Slain by a black bear

Levels and vault maps discovered:
D:1:      nzn_arrival_water_spiral, layout_basic, serial_forest,
          infiniplex_forest_clump_small, infiniplex_forest_lined_3_way,
          infiniplex_forest_zigzag_2, infiniplex_forest_lined_corner,
          infiniplex_forest_corner_2, hangedman_abyss_or_decor_lesser_grid
D:2:      kennysheep_the_goblin_king, layout_basic
D:3:      layout_basic, hellmonk_ecumenical_altar_blasted
D:4:      layout_basic, serial_curves, eino_curves_01, eino_curves_04,
          uniq_sigmund

Skill      XL: |  1  2  3  4  5 |
---------------+----------------+-----
Ranged Weapons | 5 7 |  7.1
Fighting       | 3 |  3.7
Armour         | 1 |  1.0
Dodging        | |  1.5
Stealth        | |  1.1

Action                     |  1- 3 |  4- 6 || total
---------------------------+-------+-------++-------
   Fire: Shortbow          |   103 |   162 ||   265
    Use: Scroll            |     2 |     7 ||     9
         Potion            |       |     1 ||     1
 Armour: Leather armour    |    31 |    69 ||   100
  Dodge: Dodged            |    42 |    48 ||    90

Table legend:
 A = Non-vault XP
 B = Vault XP
 C = Vault XP percentage of total XP
 D = Non-vault monster count
 E = Vault monster count
 F = Vault count percentage of total count
                 A         B        C        D         E       F
            +---------+---------+-------+---------+---------+-------
      Total |     275 |     237 |  46.3 |      66 |       8 |  10.8
            +---------+---------+-------+---------+---------+-------
        D:1 |      31 |       0 |   0.0 |      17 |       0 |   0.0
        D:2 |      68 |      14 |  17.1 |      25 |       7 |  21.9
        D:3 |      87 |       0 |   0.0 |      16 |       0 |   0.0
        D:4 |      89 |     223 |  71.5 |       8 |       1 |  11.1
            +---------+---------+-------+---------+---------+-------
